AoeStats
← Hungern625

Hideout

509398449Analyzed
1v1 RM · 5d ago on Sep 26, 2026· 50m 55s· 2 players
Game mode
Random Map
Map size
Tiny (2 player)
Population
200
Speed
Normal
Resources
Standard
Victory
Conquest
Starting age
Dark Age
Ending age
Imperial Age
RankedLock teamsTeams togetherTeam positionsShared explorationLock speedFull tech treeHidden civsTurbo modeCheats
Victory
Defeat
🇫🇷 Khmer · France
1162
+18
🇰🇷 Danes · South Korea
1205
-18
SaladinSparta
10:12 Feudal Age
13:08 Castle Age
11:38 Double-Bit Axe
19:10 Wheelbarrow
22:24 Bow Saw
23:25 Gold Mining
23:24 Horse Collar
27:39 Imperial Age
27:03 Hand Cart
27:07 Heavy Plow
27:14 Fletching
27:24 Padded Archer Armor
28:00 Bodkin Arrow
28:45 Gold Shaft Mining
28:01 Stone Mining
29:08 Forging
29:45 Crop Rotation
29:37 Bloodlines
29:28 Husbandry
29:09 Light Cavalry
31:52 Iron Casting
31:17 Scale Mail Armor
31:18 Bracer
32:13 Leather Archer Armor
33:36 Double Crossbow
33:57 Conscription
33:06 Hussar
35:26 Chemistry
34:47 Ballistics
35:58 Heavy Scorpion
38:06 Blast Furnace
38:15 Ring Archer Armor
38:52 Chain Mail Armor
43:51 Scale Barding Armor
47:03 Chain Barding Armor
Hungern625
9:14 Feudal Age
9:20 Man-at-Arms
11:25 Arson
11:32 Loom
13:18 Horse Collar
15:27 Double-Bit Axe
20:00 Castle Age
18:29 Scale Mail Armor
19:10 Fletching
19:45 Bloodlines
20:42 Scale Barding Armor
21:54 Light Cavalry
25:49 Husbandry
26:08 Heavy Plow
26:21 Forging
26:21 Town Watch
31:45 Imperial Age
30:22 Wheelbarrow
30:24 Masonry
31:01 Bodkin Arrow
31:40 Chain Mail Armor
31:26 Padded Archer Armor
31:50 Onager
32:22 Pikeman
33:02 Squires
33:39 Husbandry
33:40 Gold Mining
35:45 Ballistics
36:40 Chain Barding Armor
36:58 Stone Mining
37:40 Siege Engineers
37:59 Bow Saw
40:30 Hand Cart
40:19 Bracer
39:53 Capped Ram
41:37 Conscription
41:39 Halberdier
Connection lost

Rejoining the realm…

Still unreachable

The connection could not be restored.

Session expired

The server has moved on; the page needs a fresh start.